[Event "Titled Tuesday Blitz May 10 Early 2022"]
[White "Khabinets, Ivan"]
[Black "Stribuk, Artiom"]
[WhiteFideId "14115980"]
[BlackFideId "13515659"]
[WhiteElo "2555"]
[BlackElo "2784"]
[Result "0-1"]
[Round "04"]
[TimeControl "180+1"]
[Date "2022.05.11"]
[WhiteClock "0:00:05"]
[BlackClock "0:00:10"]

1. e4 c5 2. Nf3 Nc6 3. Bb5 e6 4. c3 Nge7 5. O-O a6 6. Ba4 b5 7. Bc2 Bb7 8. d4 cxd4 9. Nxd4 Ng6 10. Be3 Be7 11. f4 O-O 12. Nd2 Nxd4 13. cxd4 f5 14. e5 Bb4 15. Nf3 Ne7 16. Bd2 Bxd2 17. Nxd2 Kh8 18. Nb3 Rg8 19. Nc5 Bc6 20. Qh5 g6 21. Qh6 Qf8 22. Qh4 Qg7 23. g3 g5 24. Qh5 Nd5 25. fxg5 Qxg5 26. Qxg5 Rxg5 27. Nd3 Rag8 28. Nf4 Ne3 29. Rf2 h5 30. Re1 Nxc2 31. Rxc2 Be4 32. Rcc1 h4 33. Kf2 R8g7 34. Re3 Rg4 35. Rc8+ Kh7 36. Rc7 Rxf4+ 37. gxf4 Rg2+ 38. Ke1 Rxh2 39. Rxd7+ Kg6 40. d5 exd5 41. Re2 Rh1+ 42. Kd2 Rf1 43. e6 Kf6 44. e7 Kf7 45. Ke3 Rf3+ 46. Kd4 Rxf4 47. Ke5 Rg4 48. Kd6 Rg6+ 49. Kc7 Ke8 50. Rh2 d4 51. Rxd4 Rc6+ 52. Kb8 Rh6 53. Kc8 Kxe7 54. b3 h3 55. Rdd2 Ke6 56. Kc7 Ke5 57. Rdf2 Rc6+ 58. Kd8 Rc3 59. Ke7 f4 60. Kf7 Rc7+ 61. Ke8 Rc3 62. Ke7 Rg3 63. Kd7 f3 64. Kc7 Kf4 65. Kb6 Rg2 66. Kxa6 Rxh2 67. Rxh2 Kg3 68. Rd2 f2 69. Rxf2 Kxf2 70. Kxb5 h2 71. a4 h1=Q 0-1


[Site "https://www.chess.com"]

[Event "Titled Tuesday Blitz May 10 Early 2022"]
[White "Khubukshanov, Erdem"]
[Black "Keller, Peter"]
[WhiteFideId "54114527"]
[BlackFideId "1272105"]
[WhiteElo "2306"]
[BlackElo "2275"]
[Result "1-0"]
[Round "04"]
[TimeControl "180+1"]
[Date "2022.05.11"]
[WhiteClock "0:00:10"]
[BlackClock "0:00:17"]

1. Nf3 d5 2. b3 Bf5 3. Bb2 h6 4. c4 c6 5. e3 e6 6. Nc3 Nd7 7. Be2 Ngf6 8. O-O Bh7 9. d4 Bd6 10. Bd3 O-O 11. Bxh7+ Kxh7 12. Qc2+ Kg8 13. Rad1 Bb4 14. Ne2 Ne4 15. Ne5 f5 16. f3 Nef6 17. Nf4 Qe8 18. Nfg6 Nxe5 19. Nxf8 Nxf3+ 20. Rxf3 Bxf8 21. cxd5 exd5 22. Qxf5 Ne4 23. a4 Kh8 24. Qf7 Be7 25. Qxe8+ Rxe8 26. g3 Kg8 27. Bc1 Bb4 28. h4 h5 29. Kg2 Nf6 30. Bd2 Bxd2 31. Rxd2 Kf7 32. Kf2 Ke6 33. Ke2 Kd6 34. b4 a6 35. a5 Ke6 36. Rd1 Kd6 37. Kd3 Re6 38. Rf5 Ke7 39. Rg5 Kf7 40. Rf1 Re7 41. Rxh5 Kg6 42. Rg5+ Kf7 43. h5 Re6 44. h6 g6 45. Re5 1-0


[Site "https://www.chess.com"]

[Event "Titled Tuesday Blitz May 10 Early 2022"]
[White "Kohler, Aran"]
[Black "Abrahamyan, Tatev"]
[WhiteFideId "1002856"]
[BlackFideId "13301918"]
[WhiteElo "2313"]
[BlackElo "2352"]
[Result "0-1"]
[Round "04"]
[TimeControl "180+1"]
[Date "2022.05.11"]
[WhiteClock "0:00:13"]
[BlackClock "0:00:37"]

1. d4 Nf6 2. Bg5 e6 3. Nd2 h6 4. Bh4 c5 5. e3 Nc6 6. c3 Be7 7. Bd3 O-O 8. Bxf6 Bxf6 9. dxc5 Qe7 10. Ne4 Be5 11. Nf3 Bc7 12. Nd6 f5 13. Bc2 b6 14. Nxc8 Raxc8 15. cxb6 axb6 16. O-O d5 17. Qe2 Rcd8 18. g3 e5 19. Rfd1 e4 20. Nd4 Ne5 21. Bb3 Kh7 22. Qb5 Qf7 23. Ne2 Qh5 24. h4 Nf3+ 25. Kg2 Qg4 26. Rh1 f4 27. exf4 Bxf4 28. Nxf4 Rxf4 29. Bxd5 Rdf8 30. Raf1 Ne1+ 31. Kg1 Rxf2 32. Rxf2 Qxg3+ 0-1


[Site "https://www.chess.com"]

[Event "Titled Tuesday Blitz May 10 Early 2022"]
[White "Korchmar, Vasiliy"]
[Black "Sychev, Klementy"]
[WhiteFideId "24131750"]
[BlackFideId "4114060"]
[WhiteElo "2370"]
[BlackElo "2564"]
[Result "1-0"]
[Round "04"]
[TimeControl "180+1"]
[Date "2022.05.10"]
[WhiteClock "0:00:09"]
[BlackClock "0:00:02"]

1. e4 c5 2. Nf3 d6 3. d4 cxd4 4. Nxd4 Nf6 5. Nc3 a6 6. f3 h5 7. Be3 e6 8. Qd2 Nc6 9. O-O-O Bd7 10. Kb1 Rc8 11. Rg1 Ne5 12. h3 b5 13. a3 Nc4 14. Bxc4 Rxc4 15. g4 g6 16. Nb3 Be7 17. Bg5 Rc6 18. Qf4 hxg4 19. hxg4 Rxc3 20. bxc3 e5 21. Qe3 Be6 22. Rh1 Rg8 23. Qa7 Qc8 24. Bxf6 Bxf6 25. Rxd6 Kf8 26. Rh7 Rg7 27. Rh8+ Rg8 28. Rh7 Rg7 29. Rh8+ Rg8 30. Rxg8+ Kxg8 31. Nc5 Bg5 32. Nxe6 Qxc3 33. Nxg5 1-0


[Site "https://www.chess.com"]

[Event "Titled Tuesday Blitz May 10 Early 2022"]
[White "Kovalenko, Igor"]
[Black "Kadric, Denis"]
[WhiteFideId "14117908"]
[BlackFideId "14403803"]
[WhiteElo "2560"]
[BlackElo "2657"]
[Result "0-1"]
[Round "04"]
[TimeControl "180+1"]
[Date "2022.05.10"]
[WhiteClock "0:00:27"]
[BlackClock "0:00:44"]

1. c4 d6 2. Nc3 e5 3. g3 f5 4. d4 Be7 5. dxe5 dxe5 6. Qxd8+ Bxd8 7. Bh3 c6 8. e4 Ne7 9. Nf3 Bc7 10. Bg5 f4 11. Bxc8 Nxc8 12. gxf4 h6 13. Bxh6 gxh6 14. fxe5 Nd7 15. Rg1 Nxe5 16. Ke2 Nxf3 17. Kxf3 Ne7 18. Ke3 O-O-O 19. Rg7 Rhe8 20. Rf7 Ng6 21. c5 Ne5 22. Rh7 Nc4+ 23. Kf3 Rf8+ 24. Kg2 Rd2 25. Nd1 Nxb2 26. Nxb2 Rdxf2+ 27. Kh3 Rxh2+ 28. Kg4 Rf4+ 29. Kg3 Rf7+ 0-1


[Site "https://www.chess.com"]

[Event "Titled Tuesday Blitz May 10 Early 2022"]
[White "Kozak, Adam"]
[Black "Bellissimo, Joseph F."]
[WhiteFideId "753246"]
[BlackFideId "2609843"]
[WhiteElo "2840"]
[BlackElo "2579"]
[Result "1-0"]
[Round "04"]
[TimeControl "180+1"]
[Date "2022.05.11"]
[WhiteClock "0:01:45"]
[BlackClock "0:00:32"]

1. Nf3 Nf6 2. c4 e6 3. g3 d5 4. Bg2 c6 5. O-O b6 6. b3 Bb7 7. Bb2 Nbd7 8. e3 Bd6 9. Nc3 O-O 10. Qc2 Rc8 11. Nh4 Qe7 12. f4 a6 13. Ne2 c5 14. d3 Nb8 15. e4 Ng4 16. exd5 exd5 17. Nf5 Qd7 18. Nxg7 d4 19. Bxb7 Qxb7 20. Nxd4 Ne3 21. Qe2 cxd4 22. Bxd4 Nxf1 23. Nf5 f6 24. Qe6+ Rf7 25. Nh6+ Kg7 26. Nf5+ Kg8 27. Nxd6 Qd7 28. Qxf7+ Qxf7 29. Nxf7 Kxf7 30. Rxf1 Rd8 31. Bxb6 Rxd3 32. Rf2 Nc6 33. Re2 Nb4 34. Bc5 Rd1+ 35. Kg2 Nd3 36. Be3 Ne1+ 37. Kf2 Nd3+ 38. Kf3 Rf1+ 39. Ke4 Nb4 40. Bc5 Nc6 41. Kd5 Nd8 42. Kd6 Ne6 43. Rxe6 Rd1+ 44. Bd4 Rxd4+ 45. Kc5 Rd2 46. Rxa6 Rxh2 47. b4 Rg2 48. b5 Rxg3 49. b6 Rg8 50. b7 Rb8 51. Kb6 h5 52. c5 h4 53. c6 h3 54. Ra3 Rh8 55. Rxh3 Rxh3 56. b8=Q Kg6 57. Qb7 Kf5 58. a4 Kxf4 59. Ka6 f5 60. a5 Kg3 61. c7 f4 62. c8=Q f3 63. Qxf3+ Kxf3 64. Qxh3+ Kf2 65. Qc8 Kg1 66. Qb8 Kf2 67. Ka7 Ke2 68. Ka8 Kd3 69. Qa7 Kc4 70. Qa6+ Kb4 71. Kb8 Ka4 72. Kc8 Kb4 73. Kd8 Kc5 74. Ke8 Kb4 75. Kf8 Ka4 76. Kg7 Kb4 77. Kh6 Ka4 78. Qb6 Ka3 79. a6 Ka2 80. Kh5 Ka1 81. Kh4 Ka2 82. Kh3 Ka1 83. Kh2 Ka2 84. Kh1 Ka1 85. Kg1 1-0


[Site "https://www.chess.com"]

[Event "Titled Tuesday Blitz May 10 Early 2022"]
[White "Kozak, Antoni"]
[Black "Morefield, Jason"]
[WhiteFideId "21832030"]
[BlackFideId "30920825"]
[WhiteElo "2322"]
[BlackElo "2171"]
[Result "1-0"]
[Round "04"]
[TimeControl "180+1"]
[Date "2022.05.11"]
[WhiteClock "0:00:31"]
[BlackClock "0:00:09"]

1. Nf3 Nf6 2. c4 b6 3. g3 Bb7 4. Bg2 g6 5. O-O Bg7 6. Nc3 O-O 7. Re1 c5 8. e4 d6 9. d3 Nc6 10. Bf4 Ng4 11. Qd2 f5 12. exf5 Rxf5 13. h3 Nge5 14. Nxe5 dxe5 15. Be3 Qd7 16. Ne4 Nd4 17. Bxd4 exd4 18. b4 Raf8 19. Re2 h5 20. Rb1 Qc7 21. bxc5 bxc5 22. Rxb7 Qd8 23. Rxa7 h4 24. g4 Rf4 25. Rb7 Be5 26. Nxc5 Qd6 27. Nd7 Bg7 28. Nxf8 Rxf8 29. Qg5 e5 30. Bd5+ 1-0


[Site "https://www.chess.com"]

[Event "Titled Tuesday Blitz May 10 Early 2022"]
[White "Koziorowicz, Michal"]
[Black "Redzisz, Michal"]
[WhiteFideId "21809194"]
[BlackFideId "21816107"]
[WhiteElo "2219"]
[BlackElo "2004"]
[Result "1-0"]
[Round "04"]
[TimeControl "180+1"]
[Date "2022.05.11"]
[WhiteClock "0:01:11"]
[BlackClock "0:00:06"]

1. e4 c5 2. Nf3 Nc6 3. Bb5 g6 4. Bxc6 dxc6 5. O-O Bg7 6. Re1 e5 7. d3 Qe7 8. Nc3 Nf6 9. h3 Nd7 10. Be3 Nf8 11. Qd2 Ne6 12. Bh6 O-O 13. Ne2 Nd4 14. Nfxd4 cxd4 15. Rf1 f5 16. Bxg7 Kxg7 17. exf5 Bxf5 18. Rae1 Rae8 19. Nxd4 Qf7 20. Nxf5+ gxf5 21. b3 f4 22. Re4 Qf5 23. f3 Rf6 24. Rfe1 Kf7 25. d4 Rg6 26. Kf1 Rd6 27. Qb4 Red8 28. dxe5 Rd2 29. Qxb7+ Ke8 30. Qxc6+ Kf8 31. Qh6+ Kg8 32. Rxf4 Qxc2 33. Rg4+ Kf7 34. Rg7+ Ke8 35. Qe6+ Kf8 36. Rg8# 1-0


[Site "https://www.chess.com"]

[Event "Titled Tuesday Blitz May 10 Early 2022"]
[White "Krstulovic, Alex"]
[Black "Bodnar, Nikolay"]
[WhiteFideId "760056"]
[BlackFideId "14106469"]
[WhiteElo "2193"]
[BlackElo "2296"]
[Result "0-1"]
[Round "04"]
[TimeControl "180+1"]
[Date "2022.05.11"]
[WhiteClock "0:00:23"]
[BlackClock "0:01:07"]

1. e4 e6 2. d4 d5 3. e5 c5 4. c3 Qb6 5. Nf3 Nc6 6. Be2 cxd4 7. cxd4 Nh6 8. Bxh6 Qxb2 9. Nbd2 gxh6 10. O-O Qb6 11. Rb1 Qd8 12. Re1 Bg7 13. Nf1 f6 14. Ng3 O-O 15. Bd3 f5 16. Nh5 Rf7 17. Qd2 Ne7 18. Rec1 Ng6 19. Rc2 b6 20. Rbc1 Bd7 21. Rc7 Be8 22. Ba6 Rxc7 23. Rb1 Rb8 24. Bd3 b5 25. h3 b4 26. g4 fxg4 27. hxg4 Rf7 28. Nh2 a5 29. Nxg7 Kxg7 30. Rf1 Qh4 31. f4 Qg3+ 32. Kh1 Rxf4 33. Rg1 Qh3 34. Bxg6 Bxg6 35. Qxf4 Be4+ 0-1


[Site "https://www.chess.com"]

[Event "Titled Tuesday Blitz May 10 Early 2022"]
[White "Lamaze, Simon"]
[Black "Prieto Aranguren, Alain"]
[WhiteFideId "36069264"]
[BlackFideId "2268906"]
[WhiteElo "1999"]
[BlackElo "2235"]
[Result "0-1"]
[Round "04"]
[TimeControl "180+1"]
[Date "2022.05.11"]
[WhiteClock "0:01:27"]
[BlackClock "0:01:54"]

1. d4 Nf6 2. c4 g6 3. Nc3 Bg7 4. e4 O-O 5. h3 d6 6. Be3 e5 7. d5 a5 8. g4 Na6 9. Nge2 Nd7 10. Ng3 Ndc5 11. Be2 c6 12. Qd2 cxd5 13. cxd5 Bd7 14. h4 Rb8 15. h5 b5 16. hxg6 fxg6 17. Bh6 Qe7 18. f3 b4 19. Nd1 Nc7 20. Bg5 Qf7 21. Ne3 Nb5 22. O-O-O Nd4 23. Rdf1 Ncb3+ 24. axb3 Nxb3+ 25. Kd1 Nxd2 26. Kxd2 a4 27. Nc4 Bf6 28. Bh6 Rfc8 29. Nxd6 Qe7 30. Nxc8 Rxc8 31. Rc1 Bg5+ 0-1


[Site "https://www.chess.com"]

[Event "Titled Tuesday Blitz May 10 Early 2022"]
[White "Lashkin, Jegor"]
[Black "Reprintsev, Alexander"]
[WhiteFideId "13907808"]
[BlackFideId "14100541"]
[WhiteElo "2810"]
[BlackElo "2563"]
[Result "1-0"]
[Round "04"]
[TimeControl "180+1"]
[Date "2022.05.11"]
[WhiteClock "0:01:38"]
[BlackClock "0:00:51"]

1. e4 d5 2. Nc3 d4 3. Nce2 c5 4. Ng3 Qa5 5. Nf3 Nc6 6. Bc4 h5 7. h3 h4 8. Ne2 e6 9. a4 Nf6 10. Ng5 Rh5 11. f4 Rxg5 12. fxg5 Nxe4 13. O-O Nd6 14. d3 Nxc4 15. dxc4 Ne5 16. Nf4 Nxc4 17. g6 f6 18. Qh5 e5 19. Nd5 Qd8 20. Nxf6+ Ke7 21. Bg5 Qa5 22. Ne4+ Ke8 23. Rxf8+ Kxf8 24. Qh8# 1-0


[Site "https://www.chess.com"]

[Event "Titled Tuesday Blitz May 10 Early 2022"]
[White "Lauridsen, Jesper Morch"]
[Black "Jian, Alex"]
[WhiteFideId "1401890"]
[BlackFideId "30901022"]
[WhiteElo "2220"]
[BlackElo "2111"]
[Result "0-1"]
[Round "04"]
[TimeControl "180+1"]
[Date "2022.05.11"]
[WhiteClock "0:00:03"]
[BlackClock "0:00:10"]

1. e4 c5 2. Nf3 Nc6 3. d4 cxd4 4. Nxd4 Nf6 5. Nc3 e5 6. Ndb5 d6 7. Bg5 a6 8. Na3 b5 9. Bxf6 gxf6 10. Nd5 f5 11. Bxb5 axb5 12. Nxb5 Ra4 13. b4 Rxb4 14. Nbc7+ Kd7 15. O-O Rg8 16. Qh5 Qg5 17. Qxf7+ Be7 18. g3 Qg6 19. Qxg6 hxg6 20. Nxb4 Nxb4 21. Nd5 Nxd5 22. exd5 Ba6 23. Rfb1 Rc8 24. Rb6 Bc4 25. Rc6 Rxc6 26. dxc6+ Kxc6 27. a4 d5 28. a5 Ba6 29. Rb1 Bd8 30. Rb8 Bxa5 31. Rg8 Kc5 32. Rxg6 Be2 33. Rf6 Bd1 34. Rxf5 Bc3 35. Rf8 Bxc2 36. Rc8+ Kb4 37. h4 d4 38. h5 d3 39. h6 d2 40. Rd8 Bd4 41. Rb8+ Kc3 42. Rc8+ Kb2 43. Rb8+ Kc1 44. h7 d1=Q+ 45. Kh2 Bxh7 46. f4 Be4 47. Rc8+ Kd2 48. Kh3 Qh5# 0-1


[Site "https://www.chess.com"]

[Event "Titled Tuesday Blitz May 10 Early 2022"]
[White "Levine, David"]
[Black "Silvestre, Christian"]
[WhiteFideId "2011611"]
[BlackFideId "30956269"]
[WhiteElo "2021"]
[BlackElo "2367"]
[Result "0-1"]
[Round "04"]
[TimeControl "180+1"]
[Date "2022.05.11"]
[WhiteClock "0:01:05"]
[BlackClock "0:00:18"]

1. d4 e5 2. dxe5 Nc6 3. Nf3 Qe7 4. c4 Nxe5 5. Nxe5 Qxe5 6. Nc3 Bb4 7. Bd2 Nf6 8. e3 O-O 9. Be2 d6 10. O-O Be6 11. Rc1 Rfd8 12. Qb3 a5 13. a3 Bc5 14. Na4 b5 15. Nxc5 Qxc5 16. Qxb5 Qa7 17. Bc3 Rdb8 18. Qa4 Ne4 19. Qc2 Nc5 20. Bf3 Nb7 21. Bd5 Qb6 22. Qe4 Nc5 23. Qg4 Bxg4 0-1


[Site "https://www.chess.com"]

[Event "Titled Tuesday Blitz May 10 Early 2022"]
[White "Lewicki, Miroslaw"]
[Black "Azarov, Sergei"]
[WhiteFideId "1113380"]
[BlackFideId "13501470"]
[WhiteElo "2283"]
[BlackElo "2494"]
[Result "0-1"]
[Round "04"]
[TimeControl "180+1"]
[Date "2022.05.10"]
[WhiteClock "0:00:01"]
[BlackClock "0:00:09"]

1. e4 c5 2. Nf3 Nc6 3. Nc3 e5 4. g3 d6 5. Bg2 g6 6. O-O Bg7 7. Nd5 Nge7 8. c3 O-O 9. d3 h6 10. Bd2 Nxd5 11. exd5 Ne7 12. c4 f5 13. Bc3 g5 14. Ne1 Ng6 15. Nc2 Bd7 16. b4 b6 17. a4 g4 18. a5 h5 19. axb6 axb6 20. bxc5 Rxa1 21. Qxa1 bxc5 22. Rb1 Qf6 23. Qa7 Bc8 24. Na3 f4 25. Rb2 h4 26. Nb5 fxg3 27. hxg3 Bh6 28. Qc7 hxg3 29. Qxd6 gxf2+ 30. Kf1 Qg5 31. Bd2 Nf4 32. Nc3 Bf5 33. Ne4 Bxe4 34. dxe4 g3 35. Rb6 Qg4 36. Rb1 Qe2# 0-1


[Site "https://www.chess.com"]

[Event "Titled Tuesday Blitz May 10 Early 2022"]
[White "Lucas, Arthur"]
[Black "Ceres, Dragos"]
[WhiteFideId "26093073"]
[BlackFideId "13905864"]
[WhiteElo "2129"]
[BlackElo "2150"]
[Result "0-1"]
[Round "04"]
[TimeControl "180+1"]
[Date "2022.05.11"]
[WhiteClock "0:00:02"]
[BlackClock "0:00:21"]

1. d4 Nf6 2. c4 e6 3. g3 c5 4. d5 exd5 5. cxd5 d6 6. Bg2 g6 7. Nf3 Bg7 8. O-O O-O 9. Nc3 Re8 10. Nd2 a6 11. a4 Nbd7 12. Nc4 Ne5 13. Nxe5 Rxe5 14. Bf4 Re8 15. Re1 Ng4 16. Qc2 Ne5 17. a5 Bd7 18. Ra2 Bb5 19. Nxb5 axb5 20. b4 c4 21. Bd2 Ra6 22. Bc3 b6 23. Rea1 bxa5 24. Rxa5 Rxa5 25. Rxa5 Qb6 26. h3 h5 27. e3 Nd3 28. Bxg7 Kxg7 29. Qc3+ f6 30. Qd2 h4 31. g4 Re7 32. Bf1 Ne5 33. Kg2 Ra7 34. f4 Nd7 35. Rxa7 Qxa7 36. Kf3 Kf7 37. Be2 Qc7 38. Bd1 c3 39. Qd3 Qb7 40. Bc2 Nf8 41. e4 g5 42. Qxc3 gxf4 43. Kxf4 Ng6+ 44. Ke3 Ne5 45. Bd1 Qb6+ 46. Qd4 Nc4+ 47. Kd3 Qa6 48. Qc3 Ne5+ 49. Ke3 Qa7+ 50. Qd4 Nc4+ 51. Kd3 Qa3+ 52. Qc3 Nb2+ 53. Kc2 Qxc3+ 54. Kxc3 Nxd1+ 55. Kd4 Nf2 56. g5 Nxh3 57. e5 fxe5+ 58. Ke4 Nxg5+ 59. Kf5 h3 60. Kxg5 h2 0-1


[Site "https://www.chess.com"]

[Event "Titled Tuesday Blitz May 10 Early 2022"]
[White "Maksimenko, Viktor"]
[Black "Shimanov, Aleksandr"]
[WhiteFideId "13710478"]
[BlackFideId "4198603"]
[WhiteElo "2269"]
[BlackElo "2605"]
[Result "0-1"]
[Round "04"]
[TimeControl "180+1"]
[Date "2022.05.10"]
[WhiteClock "0:00:05"]
[BlackClock "0:00:08"]

1. d4 Nf6 2. c4 g6 3. Nc3 Bg7 4. e4 O-O 5. h3 d6 6. Nf3 Na6 7. Be3 e5 8. d5 Nc5 9. Nd2 a5 10. g4 c6 11. Qc2 a4 12. a3 Qa5 13. O-O-O Bd7 14. Rg1 cxd5 15. exd5 Rfc8 16. g5 Nh5 17. Bxc5 Qxc5 18. Nde4 Qb6 19. Be2 Nf4 20. Bf1 Bf5 21. h4 Rc7 22. h5 Nxh5 23. Qd2 Nf4 24. Rg3 Rac8 25. c5 Rxc5 26. Nxc5 Rxc5 27. Bg2 Qb3 28. Re1 Nxg2 29. Rxg2 Qa2 30. Kd1 Qb3+ 31. Ke2 Qc4+ 32. Kf3 e4+ 33. Nxe4 Rxd5 34. Qf4 Rd3+ 35. Re3 Qd5 36. Rg1 Be5 37. Qh4 Rb3 38. Re1 Rxb2 39. Kg2 Rb3 40. Kg1 Rxe3 41. Rxe3 Qd1+ 42. Kg2 Be6 43. Nf6+ Bxf6 44. gxf6 Qd5+ 45. Kg1 h5 46. Qf4 Kh7 47. Rc3 Qd1+ 48. Kh2 Qg4 49. Qxg4 hxg4 50. Rc7 g5 51. Rxb7 Kg6 52. Ra7 Bb3 53. Kg3 Kxf6 54. Kxg4 Bd1+ 55. Kg3 Ke6 56. f4 g4 57. Ra5 f5 58. Rb5 Bb3 59. Kh4 d5 60. Rb4 Kd6 61. Rb8 Kc5 62. Rc8+ Kd4 63. Rf8 Ke4 64. Kg3 d4 65. Re8+ Kd3 66. Rf8 Kc3 67. Rxf5 d3 68. Rc5+ Bc4 0-1


[Site "https://www.chess.com"]

[Event "Titled Tuesday Blitz May 10 Early 2022"]
[White "Manukian, Artak"]
[Black "Petre, Nad-Titus"]
[WhiteFideId "13301373"]
[BlackFideId "1204165"]
[WhiteElo "2402"]
[BlackElo "2354"]
[Result "1-0"]
[Round "04"]
[TimeControl "180+1"]
[Date "2022.05.11"]
[WhiteClock "0:00:05"]
[BlackClock "0:00:05"]

1. e4 c6 2. d4 d5 3. e5 Bf5 4. c4 e6 5. Nc3 dxc4 6. Bxc4 Bb4 7. a3 Ba5 8. b4 Bb6 9. Be3 Ne7 10. Na4 Nd7 11. Ne2 Bc7 12. Ng3 b5 13. Be2 bxa4 14. Qxa4 Nb6 15. Qa6 Bg6 16. O-O O-O 17. Rac1 Qc8 18. Qa5 Nbd5 19. Qc5 Bb6 20. Qc4 a5 21. b5 cxb5 22. Qxb5 Qe8 23. Qb2 Qd7 24. Bb5 Qd8 25. Rfd1 Rc8 26. h4 h5 27. Bg5 Rxc1 28. Rxc1 f6 29. exf6 gxf6 30. Bh6 Rf7 31. Qe2 Qd6 32. Ne4 Bxe4 33. Qxe4 f5 34. Qd3 Nf6 35. Bg5 Qxd4 36. Qf3 Nfd5 37. Rf1 Qe4 38. Qxh5 f4 39. Be2 Qg6 40. Qf3 e5 41. Bd3 Qd6 42. Bc4 Kf8 43. Bxe7+ Nxe7 44. Bxf7 Kxf7 45. Rd1 Qe6 46. h5 e4 47. Qc3 e3 48. fxe3 Qxe3+ 49. Qxe3 Bxe3+ 50. Kf1 Ke6 51. h6 Kf6 52. Rd6+ Kf7 53. h7 Ng6 54. Rxg6 Kxg6 55. h8=Q Kf5 56. Qc3 Ke4 57. Qc2+ Ke5 58. Ke2 Kd5 59. Kf3 Kd4 60. Qc6 1-0


[Site "https://www.chess.com"]

[Event "Titled Tuesday Blitz May 10 Early 2022"]
[White "Martic, Ivan"]
[Black "Gheorghiu, Calin"]
[WhiteFideId "929301"]
[BlackFideId "1200305"]
[WhiteElo "2317"]
[BlackElo "2168"]
[Result "1-0"]
[Round "04"]
[TimeControl "180+1"]
[Date "2022.05.11"]
[WhiteClock "0:01:14"]
[BlackClock "0:01:40"]

1. c4 e6 2. Nc3 d5 3. d4 Nf6 4. cxd5 Nxd5 5. e4 Nxc3 6. bxc3 c5 7. Nf3 cxd4 8. cxd4 Bb4+ 9. Bd2 Bxd2+ 10. Qxd2 O-O 11. Bc4 Nc6 12. O-O b6 13. Rfe1 Bb7 14. Rad1 Rc8 15. d5 Na5 16. Bd3 exd5 17. e5 h6 18. Qf4 Nc4 19. Bf5 Rc5 20. Nd4 Ra5 21. e6 Qf6 22. exf7+ Kh8 23. Re6 Qxf7 24. Rxh6+ gxh6 25. Qxh6+ Kg8 26. Be6 Rxa2 27. Nf5 1-0


[Site "https://www.chess.com"]

[Event "Titled Tuesday Blitz May 10 Early 2022"]
[White "Martin Carmona, Gaston Manuel"]
[Black "Vignesh, N R"]
[WhiteFideId "22284567"]
[BlackFideId "25012215"]
[WhiteElo "2162"]
[BlackElo "2363"]
[Result "0-1"]
[Round "04"]
[TimeControl "180+1"]
[Date "2022.05.11"]
[WhiteClock "0:00:19"]
[BlackClock "0:01:32"]

1. e4 e6 2. d4 d5 3. Nd2 c5 4. exd5 Qxd5 5. Ngf3 cxd4 6. Bc4 Qd7 7. O-O a6 8. Nb3 Nc6 9. Nbxd4 Nxd4 10. Nxd4 Qc7 11. Bb3 Bd7 12. c3 Bd6 13. Qh5 Nf6 14. Qh4 O-O-O 15. Be3 h6 16. Nf3 Bb5 17. Nd4 Bxf1 18. Rxf1 g5 19. Qh3 Kb8 20. Qf3 Bxh2+ 21. Kh1 Be5 22. Re1 Nd5 23. Bd2 Bf4 24. Bxf4 Qxf4 25. Bxd5 Rxd5 26. Qxf4+ gxf4 27. f3 Rg8 28. Re4 e5 29. Nb3 f5 30. Re2 Re8 31. Kh2 e4 32. Nd4 Kc7 33. Kh3 Kd6 34. Kh4 Rxd4 35. cxd4 Kd5 36. fxe4+ Rxe4 37. Rc2 f3+ 38. Kg3 fxg2 39. Kxg2 Rxd4 40. Rc7 Rd2+ 41. Kg3 Rxb2 42. Rh7 b5 43. Rxh6 Rxa2 44. Kf4 b4 45. Kxf5 b3 46. Rb6 b2 47. Kf4 Kd4 48. Kf3 Kc3 49. Ke2 Kc2 50. Rc6+ Kb1 51. Kd2 Ka1 0-1


[Site "https://www.chess.com"]

[Event "Titled Tuesday Blitz May 10 Early 2022"]
[White "Martin, Lewis"]
[Black "Vlassov, Nikolai"]
[WhiteFideId "410551"]
[BlackFideId "4103360"]
[WhiteElo "2145"]
[BlackElo "2407"]
[Result "0-1"]
[Round "04"]
[TimeControl "180+1"]
[Date "2022.05.11"]
[WhiteClock "0:00:13"]
[BlackClock "0:00:22"]

1. e4 c5 2. Nf3 d6 3. d4 cxd4 4. Nxd4 Nf6 5. Nc3 g6 6. Be2 Bg7 7. Be3 O-O 8. O-O Nc6 9. Nb3 Be6 10. f4 Qc8 11. h3 Rd8 12. Qe1 d5 13. e5 Ne4 14. Nxe4 dxe4 15. c3 f5 16. Qf2 b6 17. Rfd1 Qc7 18. Nd4 Nxd4 19. Bxd4 Bc4 20. Rd2 e6 21. b3 Bxe2 22. Qxe2 Rd5 23. Rad1 Rad8 24. Kf2 Qe7 25. g3 g5 26. Qh5 h6 27. Ke3 Qf7 28. Qe2 Bf8 29. h4 g4 30. Kf2 Qd7 31. Be3 Qc6 32. c4 Rd3 33. Ke1 Bb4 34. Kf2 Bxd2 35. Rxd2 Rxd2 36. Bxd2 Rd3 37. Be3 Kf7 38. Qc2 a5 39. Ke2 b5 40. c5 b4 41. Qc4 Ke7 0-1


[Site "https://www.chess.com"]

[Event "Titled Tuesday Blitz May 10 Early 2022"]
[White "Martinez Alcantara, Jose Eduardo"]
[Black "Hnydiuk, Aleksander"]
[WhiteFideId "3805662"]
[BlackFideId "1109057"]
[WhiteElo "2690"]
[BlackElo "2374"]
[Result "1/2-1/2"]
[Round "04"]
[TimeControl "180+1"]
[Date "2022.05.10"]
[WhiteClock "0:00:52"]
[BlackClock "0:00:16"]

1. e4 e5 2. Nf3 Nf6 3. Nxe5 d6 4. Nf3 Nxe4 5. d3 Nf6 6. d4 Be7 7. Bd3 O-O 8. O-O Bg4 9. h3 Bh5 10. Re1 c5 11. c3 Nc6 12. Be3 Nd5 13. Nbd2 cxd4 14. cxd4 Nxe3 15. fxe3 Re8 16. Qb3 Qd7 17. d5 Na5 18. Qb4 Qd8 19. Rac1 Bf6 20. Ne4 Bxf3 21. gxf3 Bh4 22. Re2 f5 23. Nxd6 Be7 24. Nxb7 Bxb4 25. Nxd8 Raxd8 26. a3 Bf8 27. b4 Nb7 28. Bxf5 Rxd5 29. Be4 Rg5+ 30. Rg2 Rxg2+ 31. Kxg2 Nd6 32. Bd5+ Kh8 33. e4 g6 34. a4 Rc8 35. Rd1 Kg7 36. Kg3 Rc3 37. b5 Kf6 38. Bc6 Nc4 39. Rd8 Bd6+ 40. Kf2 Rc2+ 41. Kf1 Ne3+ 42. Kg1 Bc5 43. f4 Nd5+ 44. Kh1 Nxf4 45. e5+ Kxe5 46. Re8+ Kd4 47. Re4+ Kd3 48. Rxf4 Rc1+ 49. Kg2 Rc2+ 50. Kh1 Rc1+ 51. Kg2 Rc2+ 52. Kf3 Rf2+ 53. Kg4 Rxf4+ 54. Kxf4 Bb6 55. Kg5 Kc4 56. Kh6 Kb4 57. a5 Kxa5 58. Kxh7 g5 59. Kg6 Be3 60. Kf5 Kb6 61. Ke4 Bd2 62. Kf5 Bc1 63. Ke4 Bd2 64. Bd7 Bc1 65. Be8 Bd2 66. Kd3 Bc1 67. Kc2 Bf4 68. Kd3 Be5 69. Ke4 Bf6 70. Kf5 Bd8 71. Ke6 Kc7 72. Bg6 Kb6 73. Bd3 Bc7 74. Kf5 Bd8 75. Bf1 Be7 76. Ke5 Bd8 77. Ke6 Bc7 78. Kf6 Bd8+ 79. Ke6 Kc7 80. Bg2 Kb6 81. Bc6 Bc7 82. Be8 Bd8 83. Kd6 Bc7+ 84. Kd5 Bd8 85. Ke4 Bc7 86. Kf5 Bd8 87. Kg4 Be7 88. Bg6 Bd8 89. Bd3 Be7 90. Be2 Bd8 91. h4 gxh4 92. Kh3 Be7 93. Bf1 Kc5 94. Be2 Kd4 95. Bf1 Ke3 96. Bc4 Kf4 97. Bf1 Kg5 98. b6 axb6 99. Ba6 Kf4 100. Bf1 Ke3 101. Ba6 Kd4 102. Bb5 Kc5 103. Ba6 b5 104. Bxb5 Kxb5 105. Kg2 Kc5 106. Kh1 Kd5 107. Kg1 Ke4 108. Kh1 Kf4 109. Kg1 Kg3 110. Kh1 h3 111. Kg1 h2+ 112. Kh1 Kh3 1/2-1/2


[Site "https://www.chess.com"]

[Event "Titled Tuesday Blitz May 10 Early 2022"]
[White "Meshkovs, Nikita"]
[Black "Andreikin, Dmitry"]
[WhiteFideId "11602740"]
[BlackFideId "4158814"]
[WhiteElo "2506"]
[BlackElo "2736"]
[Result "1/2-1/2"]
[Round "04"]
[TimeControl "180+1"]
[Date "2022.05.10"]
[WhiteClock "0:00:20"]
[BlackClock "0:00:59"]

1. d4 d5 2. c4 e6 3. Nf3 Nf6 4. g3 Bb4+ 5. Bd2 Be7 6. Bg2 O-O 7. O-O Nbd7 8. Qc2 c6 9. b3 Ne4 10. Rd1 Nxd2 11. Nbxd2 f5 12. e3 a5 13. Ne1 Bd6 14. Nd3 Qe7 15. c5 Bc7 16. f4 g5 17. Nf3 gxf4 18. gxf4 Kh8 19. Kh1 Nf6 20. Rg1 Bd7 21. Nfe5 Rg8 22. Bf3 Rxg1+ 23. Rxg1 Rg8 24. Rxg8+ Kxg8 25. Qg2+ Qg7 26. a3 Be8 27. b4 Ne4 28. Qxg7+ Kxg7 29. Bxe4 fxe4 30. Nc1 Bh5 31. Nb3 axb4 32. axb4 Be2 33. Kg2 Ba6 34. Na5 Bd8 35. Kg3 h5 36. h4 Kf8 37. Nd7+ Ke7 38. Ne5 Bc7 39. Ng6+ Kf6 40. Ne5 Ke7 41. Ng6+ Ke8 42. Ne5 Bd8 43. Ng6 Kd7 44. Ne5+ Kc7 45. Nf7 Bf6 46. Ng5 Kd7 47. Nf7 Kc7 48. Ng5 Kd7 49. Nf7 Kc7 1/2-1/2


[Site "https://www.chess.com"]